 Dungeon Crawl Stone Soup version 0.24.0-37-gcf1ca852f1 (webtiles) character file.

Game seed: 5437958565537583474, levelgen mode: deterministic

9571 PentaManta the Slinger (level 11, -5/65 HPs)
             Began as a Halfling Hunter on Dec 5, 2019.
             Was a High Priest of Okawaru.
             Slain by a cyclops (16 damage)
             ... on level 11 of the Dungeon.
             The game lasted 00:32:32 (11878 turns).

PentaManta the Slinger (Halfling Hunter)           Turns: 11878, Time: 00:32:33

Health: -5/65      AC:  9    Str: 14    XL:     11   Next: 76%
Magic:  11/11      EV: 19    Int:  9    God:    Okawaru [*****.]
Gold:   375        SH:  0    Dex: 16    Spells: 10/10 levels left

rFire    . . .     SeeInvis +   a - +2 hand crossbow
rCold    . . .     Gourm    .   (shield restricted)
rNeg     . . .     Faith    .   u - +0 ring mail
rPois    .         Spirit   .   w - +1 helmet
rElec    .         Reflect  .   K - +0 cloak
rCorr    .         Harm     .   O - +0 pair of gloves
MR       .....                  (no boots)
Stlth    ++++......             (no amulet)
HPRegen  0.20/turn              I - -2 ring of strength (curse)
MPRegen  0.12/turn              H - ring of see invisible

@: no status effects
A: small, mutation resistance 1
a: Heroism, Finesse, Renounce Religion


You were on level 11 of the Dungeon.
You worshipped Okawaru.
Okawaru was extremely pleased with you.
You were hungry.

You visited 2 branches of the dungeon, and saw 12 of its levels.
You also visited: Sewer.

You collected 547 gold pieces.
You spent 172 gold pieces at shops.

Inventory:

Hand Weapons
 a - a +2 hand crossbow (weapon)
 h - a +0 hunting sling
 y - a +3 short sword
 D - a +3 arbalest of velocity
Missiles
 d - 89 bolts (quivered)
 g - 32 sling bullets
 m - 260 stones
Armour
 u - a +0 ring mail (worn)
 w - a +1 helmet (worn)
 B - a scarf of resistance
 K - a +0 cloak (worn)
 O - a +0 pair of gloves (worn)
Jewellery
 b - an uncursed ring of protection from magic
 r - an uncursed ring of positive energy
 E - an uncursed ring of resist corrosion
 F - an uncursed ring of stealth
 H - a ring of see invisible (right hand)
 I - a cursed -2 ring of strength (left hand)
Wands
 j - a wand of digging (7)
 A - a wand of random effects (7)
 M - a wand of acid (6)
Scrolls
 i - a scroll of enchant weapon
 k - 2 scrolls of teleportation
 l - a scroll of fear
 n - 5 scrolls of identify
 q - 3 scrolls of enchant armour
 s - 8 scrolls of remove curse
 x - 2 scrolls of amnesia
Potions
 c - 3 potions of haste
 e - 6 potions of curing
 o - a potion of heal wounds
 p - 2 potions of agility
 t - 4 potions of might {unknown}
 v - 2 potions of berserk rage
 z - 2 potions of cancellation
 C - 5 potions of flight
 G - a potion of invisibility
 J - 2 potions of brilliance {unknown}
Comestibles
 f - 25 rations


   Skills:
 * Level 2.4 Fighting
 - Level 14.6 Slings
 + Level 9.7 Crossbows
 * Level 1.8 Armour
 * Level 9.1 Dodging
 + Level 9.4 Stealth


You had 10 spell levels left.
You didn't know any spells.
Your spell library was empty.

Dungeon Overview and Level Annotations

Branches:
Dungeon (11/15)              Lair (0/6) D:8             Orc (1/2) D:10
  Sewer (visited)
 Temple: D:4-7

Altars:
Ashenzari
Cheibriados
Elyvilon
Hepliaklqana
Makhleb
Nemelex Xobeh
Okawaru
Uskayaw
Wu Jian
Xom
The Shining One

Shops:
D:5 :   D:8 *   D:10 ?

Annotations:
Orc:1 Harold


Innate Abilities, Weirdness & Mutations

You are small and have problems with some larger weapons.
You are somewhat resistant to further mutation.


Message History

You shoot a bolt. The bolt hits the cyclops!
The cyclops shouts!
The cyclops is moderately wounded.
A centaur comes into view.
The cyclops throws a large rock.
The large rock hits you!!!
Ouch! That really hurt!
The centaur moves out of view.
The cyclops throws a large rock.
The large rock hits you!!
* * * LOW HITPOINT WARNING * * *
You see here a large rock.
Okay, then.
You start resting.
The cyclops is too close now for your liking.
Firing (i - inventory. (/) - cycle)
d - 90 bolts (quivered)
Press: ? - help, Shift-Dir - straight line, f/p - cyclops
Aim: a cyclops (lightly wounded)
You shoot a bolt. The bolt hits the cyclops!
The cyclops is moderately wounded.
The cyclops hits you!
You die...

...#.. ..
.###..... #.#
C........##..#
.........#...###
................
.....#.........
.....#.<>[.....
##C..........
#@........#..
#..(......#
#.....#...^..
##...##.....#
##..# #....#
...# ##### #...#
##.## ###


You could see a cyclops.

Vanquished Creatures
  2 hydras
  A two-headed ogre (D:9)
  A troll (D:9)
  2 dream sheep (D:9)
  A hippogriff (D:9)
  5 yaks (D:9)
  A wraith (D:10)
  A hungry ghost (D:7)
  4 wargs (D:10)
  Menkaure (D:6)
  A water moccasin (D:6)
  2 ice beasts
  4 sky beasts
  An orc warrior (D:7)
  2 necrophages
  A phantom (D:9)
  2 eyes of draining (D:10)
  2 ogres
  8 centaurs
  3 big kobolds (D:9)
  8 bullfrogs
  A wyvern zombie (D:7)
  A gnoll sergeant (D:8)
  A water moccasin skeleton (D:7)
  11 killer bees
  5 wights (D:10)
  A howler monkey (D:4)
  8 crimson imps
  A bullfrog zombie (D:7)
  3 quasits
  A centaur skeleton (D:9)
  2 hounds
  A jelly (D:9)
  5 orc priests
  7 orc wizards
  A bullfrog skeleton (D:10)
  3 iguanas
  10 worker ants
  18 adders
  4 gnolls
  3 shadow imps
  10 oozes (Sewer)
  An adder zombie (D:5)
  A worm (D:2)
  3 dart slugs
  14 leopard geckos
  29 orcs
  12 ball pythons (Sewer)
  20 giant cockroaches
  6 hobgoblins
  11 jackals
  9 quokkas
  10 bats
  13 frilled lizards
  2 goblins
  7 kobolds
  A quokka zombie (D:9)
  7 rats
296 creatures vanquished.

Vanquished Creatures (others)
  A plant (D:9)
1 creature vanquished.

Grand Total: 297 creatures vanquished

Notes
Turn   | Place    | Note
-------+----------+-------------------------------------------
     0 | D:1      | PentaManta the Halfling Hunter began the quest for the Orb.
     0 | D:1      | Reached XP level 1. HP: 14/14 MP: 1/1
   167 | D:1      | Reached skill level 1 in Slings
   167 | D:1      | Reached XP level 2. HP: 19/19 MP: 2/2
   640 | D:1      | Reached XP level 3. HP: 24/24 MP: 3/3
   704 | D:1      | Reached skill level 2 in Slings
   817 | D:2      | Found a faded altar of an unknown god.
   949 | D:2      | Reached skill level 3 in Slings
   949 | D:2      | Reached XP level 4. HP: 28/29 MP: 4/4
  1352 | D:2      | Reached XP level 5. HP: 34/34 MP: 5/5
  1484 | D:2      | Reached skill level 5 in Crossbows
  1618 | D:2      | Found a snail-covered altar of Cheibriados.
  1839 | D:3      | Reached skill level 4 in Slings
  1865 | D:3      | Found a shattered altar of Ashenzari.
  2600 | D:3      | Found an iron altar of Okawaru.
  2611 | D:3      | Became a worshipper of Warmaster Okawaru
  2681 | D:4      | Reached XP level 6. HP: 37/39 MP: 6/6
  2696 | D:5      | Entered Level 5 of the Dungeon
  2772 | D:5      | Reached skill level 5 in Slings
  2832 | D:5      | Found a glowing drain.
  2894 | Sewer    | Entered a sewer
  3390 | Sewer    | Reached XP level 7. HP: 44/44 MP: 7/7
  3524 | Sewer    | Reached skill level 6 in Slings
  3531 | Sewer    | Reached * piety under Okawaru
  4036 | D:5      | Reached skill level 7 in Slings
  4036 | D:5      | Reached XP level 8. HP: 31/49 MP: 8/8
  4319 | D:5      | Reached skill level 8 in Slings
  4395 | D:5      | Reached skill level 5 in Dodging
  4486 | D:5      | Reached ** piety under Okawaru
  4486 | D:5      | Reached skill level 5 in Stealth
  4670 | D:5      | Found Qedoin's Book Shop.
  4870 | D:6      | Reached skill level 9 in Slings
  4907 | D:6      | Found a sparkling altar of Nemelex Xobeh.
  4976 | D:6      | Noticed Menkaure
  4984 | D:6      | Killed Menkaure
  4984 | D:6      | Reached XP level 9. HP: 54/54 MP: 6/9
  5394 | D:6      | Reached skill level 10 in Slings
  5406 | D:6      | Found a hide-covered altar of Uskayaw.
  5536 | D:7      | Reached *** piety under Okawaru
  5537 | D:7      | Found a hazy altar of Hepliaklqana.
  5848 | D:7      | Reached skill level 11 in Slings
  6139 | D:7      | Reached XP level 10. HP: 27/58 MP: 10/10
  6586 | D:7      | Reached **** piety under Okawaru
  6696 | D:7      | Found a shimmering altar of Xom.
  6697 | D:7      | Found a shimmering altar of Xom.
  6698 | D:7      | Found a shimmering altar of Xom.
  6698 | D:7      | Found a shimmering altar of Xom.
  6698 | D:7      | Found a shimmering altar of Xom.
  6700 | D:7      | Found a shimmering altar of Xom.
  6871 | D:8      | Found a glowing golden altar of the Shining One.
  6992 | D:8      | Found a staircase to the Lair.
  7094 | D:8      | Found a white marble altar of Elyvilon.
  7236 | D:8      | Reached skill level 12 in Slings
  7487 | D:8      | Found Hen Qac's Assorted Antiques.
  7496 | D:8      | Bought a pink potion for 15 gold pieces
  7496 | D:8      | Bought a pearl ring for 85 gold pieces
  7496 | D:8      | Bought 2 white potions for 30 gold pieces
  7935 | D:8      | Found an ornate altar of the Wu Jian Council.
  8284 | D:9      | Found a burning altar of Makhleb.
  8572 | D:9      | Received a gift from Okawaru
  8580 | D:9      | Reached skill level 13 in Slings
  8957 | D:9      | Noticed a two-headed ogre
  9001 | D:9      | Killed a two-headed ogre
  9001 | D:9      | Reached ***** piety under Okawaru
  9001 | D:9      | Reached XP level 11. HP: 26/62 MP: 11/11
  9052 | D:9      | Identified the +11 halberd of Dalinal {pain, Int+2}
  9067 | D:9      | Received a gift from Okawaru
  9353 | D:9      | Reached skill level 14 in Slings
  9648 | D:9      | Noticed a two-headed hydra
  9656 | D:9      | Killed a two-headed hydra
  9883 | D:10     | Entered Level 10 of the Dungeon
 10084 | D:10     | Found Ypsarph's Magic Scroll Boutique.
 10358 | D:10     | Received a gift from Okawaru
 10998 | D:10     | Found a staircase to the Orcish Mines.
 11244 | D:10     | Bought a scroll of teleportation for 42 gold pieces
 11372 | D:10     | Noticed a four-headed hydra
 11408 | D:10     | Killed a four-headed hydra
 11408 | D:10     | Received a gift from Okawaru
 11408 | D:10     | Received a gift from Okawaru
 11408 | D:10     | Reached skill level 1 in Armour
 11789 | Orc:1    | Entered Level 1 of the Orcish Mines
 11789 | Orc:1    | Noticed Harold
 11866 | D:11     | Noticed a cyclops
 11878 | D:11     | Slain by a cyclops

Levels and vault maps discovered:
D:1:      kennysheep_arrival_seaside, layout_loops_ring, minivault_4
D:2:      layout_basic, kennysheep_slug_shrine,
          chequers_ecumenical_altar_simple_redux
D:3:      layout_basic, lemuel_round_altar, lemuel_crystal_altar
D:4:      minmay_opposing_rooms, layout_loops_ring, kennysheep_mini,
          zin_treasury, temple_statues
D:5:      layout_loops_cross, serial_rivers, chequers_serial_rivers_micro_c,
          chequers_serial_rivers_micro_e, chequers_serial_rivers_micro_e,
          chequers_serial_rivers_marsh, chequers_serial_rivers_small_b,
          chequers_serial_rivers_small_b, gup_sewer_entry_glass, first_ration,
          serial_shops, shop, hangedman_abyss_or_decor_slice,
          nicolae_underground_beach
D:6:      layout_gridville, nemelex_xobeh_ov_fountains_minmay,
          kennysheep_little_box, lemuel_statue_altar, uniq_menkaure
D:7:      layout_loops_ring, nicolae_overflow_hidden_temple, xom_shifter_show
D:8:      layout_layer_cave, lemuel_round_altar, marbit_many_paths,
          lemuel_crystal_altar, lair_entry_dummy, serial_shops, shop,
          minmay_microvault
D:9:      layout_rooms, overflow_temple_1_default, hangedman_ranch
          [blue_anna_fruit_fields]
D:10:     layout_irregular_city, minmay_orc_entry_guard_dogs, serial_shops,
          nicolae_shop_waterfront
D:11:     layout_cave_pools, basic_altar, uniq_nergalle
Orc:1:    layout_diamond_mine, serial_shops, nicolae_shop_crystal, uniq_harold

Skill      XL: |  1  2  3  4  5  6  7  8  9 10 11 |
---------------+----------------------------------+-----
Slings         | 1 3 4 5 7 9 11 13 14 | 14.6
Stealth        | 2 3 4 5 6 8 9 |  9.4
Dodging        | 3 4 5 6 8 9 |  9.1
Crossbows      | 5 6 7 8 9 |  9.7
Fighting       | 2 |  2.4
Armour         | 1 |  1.8

Action                   |  1- 3 |  4- 6 |  7- 9 | 10-12 || total
-------------------------+-------+-------+-------+-------++-------
Melee: Short sword       |     2 |       |       |       ||     2
       Hunting sling     |       |       |     2 |       ||     2
 Fire: Hunting sling     |    67 |   309 |   344 |   436 ||  1156
       Hand crossbow     |     1 |    18 |   117 |   276 ||   412
       Arbalest          |       |       |       |     1 ||     1
Invok: Heroism           |       |       |     1 |     3 ||     4
       Finesse           |       |       |       |     1 ||     1
  Use: Potion            |     1 |       |       |     4 ||     5
       Scroll            |       |       |    11 |    13 ||    24
  Eat: Chunk             |       |     7 |    10 |    12 ||    29
       Ration            |       |       |     1 |     1 ||     2
Armor: Leather armour    |     3 |     2 |       |       ||     5
       Ring mail         |       |    34 |    61 |    65 ||   160
Dodge: Dodged            |    25 |   116 |   151 |   306 ||   598
